 Dungeon Crawl Stone Soup version 0.29-a0-998-g1987434951 (webtiles) character file.

Game seed: 15791643735472396912

49 siradein the Shooter (level 3, -2/30 HPs)
             Began as a Draconian Hunter on Aug 6, 2022.
             Killed from afar by an orc wizard (3 damage)
             ... with a magic dart
             ... on level 2 of the Dungeon.
             The game lasted 00:01:50 (1177 turns).

siradein the Shooter (Draconian Hunter)             Turns: 1177, Time: 00:01:51

Health: -2/30      AC:  6    Str: 13    XL:     3   Next: 53%
Magic:  3/3        EV: 12    Int:  9    God:
Gold:   61         SH:  0    Dex: 16    Spells: 2/2 levels left

rFire   . . .      SeeInvis .   e - +0 rapier
rCold   . . .      Faith    .   (no shield)
rNeg    . . .      Spirit   .   (body armour unavailable)
rPois   .          Reflect  .   (helmet restricted)
rElec   .          Harm     .   (no cloak)
rCorr   .          Rampage  .   g - +0 pair of gloves
Will    .....                   (no boots)
Stlth   ++........              (no amulet)
HPRegen 0.10/turn               (no ring)
MPRegen 0.08/turn               (no ring)

@: no status effects
A: AC +5, unfitting armour, cold-blooded
a: no special abilities


You were on level 2 of the Dungeon.
You visited 1 branch of the dungeon, and saw 3 of its levels.

You collected 61 gold pieces.

Inventory:

Hand Weapons
 a - a +0 shortbow
 e - a +0 rapier (weapon)
Missiles
 l - a throwing net
Armour
 g - a +0 pair of gloves (worn)
Scrolls
 b - a scroll of immolation
 i - a scroll of vulnerability {unknown}
 j - a scroll of fear {unknown}
 k - a scroll of teleportation {unknown}
 m - 2 scrolls of identify {unknown}
 n - a scroll of enchant weapon {unknown}
 o - a scroll of silence {unknown}
Potions
 c - a potion of lignification {unknown}
 d - 2 potions of flight {unknown}
 f - a potion of mutation {unknown}
 h - a potion of berserk rage {unknown}


   Skills:
 + Level 2.8 Fighting
 + Level 3.9 Ranged Weapons
 + Level 2.3 Dodging
 + Level 1.8 Stealth


You had 2 spell levels left.
You didn't know any spells.
Your spell library contained the following spells:

 Spells                   Type           Power      Damage    Failure   Level
 Apportation              Tloc           0%         N/A       38%         1
 Magic Dart               Conj           0%         1d3       38%         1
 Searing Ray              Conj           0%         2d4       52%         2
 Fulminant Prism          Conj/Hex       0%         3d6       99%         4
 Alistair's Intoxication  Tmut/Pois      0%         N/A       100%        5


Dungeon Overview and Level Annotations

Branches:
Dungeon (3/15)

Altars:


Innate Abilities, Weirdness & Mutations

Your plain brown scales are hard. (AC +5)
You cannot fit into any form of body armour.
You are cold-blooded and may be slowed by cold attacks.


Message History

You puncture the orc!
You kill the orc!
Something hits you.
No target in view!
No target in view!
Something hits you but does no damage.
A quokka comes into view.
You see here a +0 short sword.
Something hits you but does no damage. Something hits you but does no damage.
The quokka bites you.
You closely miss the quokka. The quokka closely misses you.
Something hits you but does no damage.
The quokka bites you but does no damage.
You hit the quokka.
You kill the quokka!
Something hits you.
You miss something. Something hits you. x2
You hit something. Something hits you.
* * * LOW HITPOINT WARNING * * *
You barely miss something. Something barely misses you.
You miss something. Something hits you but does no damage.
You closely miss something.
You hear some strange, mumbled words.
A magic dart appears from out of thin air!
The magic dart hits you.
* * * LOW HITPOINT WARNING * * *
You hit something.
Something hits you but does no damage. x2
You barely miss something. Something hits you but does no damage.
You closely miss something.
You hear some strange, mumbled words.
A puff of flame appears from out of thin air!
The puff of flame hits you.
* * * LOW HITPOINT WARNING * * *
You closely miss something. Something hits you but does no damage.
You hit something but do no damage. Something hits you but does no damage.
You barely miss something.
You hear some strange, mumbled words.
A magic dart appears from out of thin air!
The magic dart hits you.
You die...

#...........###.# #.###.#
###.....###..###.# #.# #.#
##.......###......######.###.#
#............###..............
#................##.####.#####
#......#########.##.# #.#
##...#.# #.##.# #.#
##.##.#########....####.# ##
#....>)...{@...........# #.
#.#####..#####.######### #.
#.# #........# #. #.#
#..####### #. #.# #..# #.
#.#####..# #. #........# #.
##.####..# #. #.# #..# #.


There were no monsters in sight!

Vanquished Creatures
  2 dart slugs
  3 orcs
  2 ball pythons
  7 bats
  2 endoplasms (D:2)
  2 giant cockroaches (D:2)
  5 goblins
  4 hobgoblins
  5 kobolds
  2 quokkas
  3 frilled lizards
  2 rats (D:1)
39 creatures vanquished.

Notes
Turn   | Place    | Note
-------+----------+-------------------------------------------
     0 | D:1      | siradein the Draconian Hunter began the quest for the Orb.
     0 | D:1      | Reached XP level 1. HP: 17/17 MP: 1/1
    27 | D:1      | Reached skill level 1 in Stealth
   108 | D:1      | Reached XP level 2. HP: 25/25 MP: 2/2
   711 | D:2      | Reached XP level 3. HP: 24/30 MP: 3/3
  1052 | D:2      | Found a faded altar of an unknown god.
  1174 | D:2      | HP: 1/30 [something/puff of flame (3)]
  1177 | D:2      | Killed from afar by an orc wizard

Illustrated notes

Levels and vault maps discovered:
D:1:      reono_arrival_forest_river, layout_rooms, minmay_stone_trees_small
D:2:      layout_loops_ring, hellmonk_ecumenical_altar_inner_sanctum
D:3:      layout_basic, kennysheep_generic_room_8

Skill      XL: |  1 |
---------------+----+-----
Stealth        | 1 |  1.8
Dodging        | 2 |  2.3
Fighting       | |  2.8
Ranged Weapons | |  3.9

Action                   || total
-------------------------++-------
Melee: Rapier            ||    23
       Punch             ||     1
 Fire: Shortbow          ||    98
Armor: Skin              ||    39
Dodge: Dodged            ||    38

Table legend: (Time is in decaauts)
 A = Elapsed time spent in this place.
 B = Non-inter-level travel time spent in this place.
 C = Inter-level travel time spent in this place.
 D = Time resting spent in this place.
 E = Time spent auto-exploring this place.
 F = Levels seen in this place.
 G = Mean time per level.
                   A        B        C        D        E       F      G
               +--------+--------+--------+--------+--------+-----+--------+
         Total |   1214 |   1182 |     32 |      0 |    928 |   3 |  404.7 |
       Dungeon |   1214 |   1182 |     32 |      0 |    928 |   3 |  404.7 |
               +--------+--------+--------+--------+--------+-----+--------+

Top non-repeatable levels by time:
     D:2: 684 daAuts
     D:1: 491 daAuts
     D:3: 37 daAuts
